 Dungeon Crawl Stone Soup version 0.29.1-15-g9cfb28693d (webtiles) character file.

Game seed: 5329195455138325949

21 Descartes the Ducker (level 2, 0/14 HPs)
             Began as a Felid Monk on Mar 16, 2023.
             Frozen to death by an endoplasm (4 damage)
             ... on level 1 of the Dungeon.
             The game lasted 00:00:32 (629 turns).

Descartes the Ducker (Felid Monk)                    Turns: 629, Time: 00:00:32

Health: 0/14       AC:  1    Str:  7    XL:     2   Next: 65%
Magic:  3/3        EV: 19    Int: 11    God:
Gold:   34         SH:  0    Dex: 18    Spells: 1/1 levels left
                                        Lives:  0   Deaths: 0

rFire   . . .      SeeInvis +     - Unarmed
rCold   . . .      Faith    .   (shield unavailable)
rNeg    . . .      Spirit   .   (body armour unavailable)
rPois   .          Reflect  .   (helmet unavailable)
rElec   .          Harm     .   (cloak unavailable)
rCorr   .          Rampage  .   (gloves unavailable)
Will    .....                   (boots unavailable)
Stlth   +++.......              (no amulet)
HPRegen 0.04/turn               (no ring)
MPRegen 0.08/turn               (no ring)

@: quick
A: very small, claws 1, fangs 3, see invisible, speed 1, shaggy fur 1, stealthy
paws, no weapons or thrown items, no armour, multi-lived
a: no special abilities


You were on level 1 of the Dungeon.
You visited 1 branch of the dungeon, and saw 1 of its levels.

You collected 34 gold pieces.

Inventory:

Scrolls
 b - a scroll of fear {unknown}
 e - a scroll of identify {unknown}
 f - a scroll of summoning {unknown}
Potions
 a - a potion of ambrosia
 c - a potion of brilliance {unknown}
 d - a potion of curing {unknown}


   Skills:
 + Level 3.2 Fighting
 + Level 4.3 Dodging
 + Level 3.3 Stealth
 + Level 3.2 Unarmed Combat


You had one spell level left.
You didn't know any spells.
Your spell library was empty.

Dungeon Overview and Level Annotations

Branches:
Dungeon (1/15)

Altars:


Innate Abilities, Weirdness & Mutations

You have sharp claws.
You have razor-sharp teeth.
You have supernaturally acute eyesight. (SInv)
You cover ground quickly. (Speed+)
You are covered in fur. (AC +1)
Your paws help you pounce on unaware monsters.
You are incapable of wielding weapons or throwing items.
You cannot wear armour.
You gain extra lives every three experience levels.


Message History

The endoplasm freezes you.
You are frozen.
You scratch the endoplasm but do no damage.
The endoplasm barely misses you.
You scratch the goblin.
You kill the goblin!
The bat closely misses you. The endoplasm completely misses you.
The bat closely misses you.
You scratch the bat but do no damage. The bat closely misses you.
The endoplasm completely misses you.
You scratch the bat but do no damage. The bat completely misses you.
The endoplasm misses you.
You scratch the giant cockroach but do no damage.
The giant cockroach barely misses you. The bat misses you.
The endoplasm closely misses you.
You scratch the bat.
You kill the bat!
The giant cockroach barely misses you. The kobold hits you with a +0 dagger.
The endoplasm hits you.
* * * LOW HITPOINT WARNING * * *
The giant cockroach closely misses you.
You are too injured to fight recklessly!
You are too injured to fight recklessly!
You are too injured to fight recklessly!
You are too injured to fight recklessly!
You are too injured to fight recklessly!
You are too injured to fight recklessly!
You are too injured to fight recklessly!
You are too injured to fight recklessly!
You are too injured to fight recklessly!
You are too injured to fight recklessly!
You are too injured to fight recklessly!
You are too injured to fight recklessly!
Unknown command.
You scratch the endoplasm.
The endoplasm is severely wounded.
The giant cockroach misses you. The kobold barely misses you.
The endoplasm freezes you.
You are frozen.
You die...

#### #.....# #
........## . ##
.........# |. #.
.........#.......
##.
.........#.......
#†.
.........#.......
#..
.......†w#.......
#..
.......B@J.......
#..
.....!.K##.).....
#..
##......##†......
##)
######..........
## ##....#####.
#.#### ....
#.####..#
#.#....#
#####...###


You could see a dart slug, an endoplasm, a giant cockroach and a kobold.

Vanquished Creatures
  A dart slug (D:1)
  2 ball pythons (D:1)
  A bat (D:1)
  2 endoplasms (D:1)
  A hobgoblin (D:1)
  A frilled lizard (D:1)
  4 goblins (D:1)
  10 rats (D:1)
22 creatures vanquished.

Notes
Turn   | Place    | Note
-------+----------+-------------------------------------------
     0 | D:1      | Descartes the Felid Monk began the quest for the Orb.
     0 | D:1      | Reached XP level 1. HP: 10/10 MP: 2/2
    98 | D:1      | Reached XP level 2. HP: 14/14 MP: 3/3
   462 | D:1      | Found a faded altar of an unknown god.
   629 | D:1      | Frozen to death by an endoplasm

Illustrated notes

Levels and vault maps discovered:
D:1:      dpeg_arrival_ratfight, layout_rooms,
          shapermc_ecumenical_altar_notcrosses

Skill      XL: |  1 |
---------------+----+-----
Stealth        | 3 |  3.3
Fighting       | |  3.2
Dodging        | |  4.3
Unarmed Combat | |  3.2

Action                   || total
-------------------------++-------
Melee: Unarmed           ||    47
       Bite              ||     7
       Punch             ||     1
 Stab: Sleeping          ||     4
Dodge: Dodged            ||    43
